 Dungeon Crawl Stone Soup version 0.20-a0-435-ga4f17a0 (webtiles) character file.

83274 Implojin the Warrior (level 15, -3/134 HPs)
             Began as a Mummy Chaos Knight on Jan 13, 2017.
             Shot with a sling bullet by a satyr (23 damage)
             ... summoned by Xom
             ... on level 2 of the Shoals.
             The game lasted 01:50:57 (33074 turns).

Implojin the Warrior (Mummy Chaos Knight)          Turns: 33074, Time: 01:50:57

Health: -3/134     AC: 30    Str: 22    XL:     15   Next: 31%
Magic:  15/15      EV:  8    Int: 15    God:    Xom [.*....]
Gold:   1965       SH: 11    Dex: 16    Spells: 4/14 levels left

rFire  . . .     SeeInvis .       - Unarmed
rCold  + . .     Gourm    .     n - +13 chain mail of Esoreut {rElec rF+ Str+3}
rNeg   + + +     Faith    .     L - +0 shield
rPois  ∞         Spirit   .     S - +0 helmet of Shielding {Regen+ Int+2}
rElec  +         Reflect  .     B - +1 cloak
rCorr  .         Harm     .     j - +0 pair of gloves
MR     +....                    D - +1 pair of boots
Stlth  ..........               k - amulet of the Robin {Regen+ Slay+5, mikee?}
                                C - +3 ring of strength
                                f - ring of stealth

@: about to teleport
A: no food or potions, fire vulnerability, cold resistance 1, negative energy
resistance 3, torment resistance, unbreathing, in touch with death 1
a: Renounce Religion


You were on level 2 of the Shoals.
You worshipped Xom.
You were a plaything of Xom.
You were not hungry.

You visited 5 branches of the dungeon, and saw 26 of its levels.
You also visited: Labyrinth, Sewer and Volcano.

You collected 2073 gold pieces.
You spent 108 gold pieces at shops.

Inventory:

Hand Weapons
 a - a +9 hunting sling of velocity
 b - a +2 antimagic dire flail
 u - a +4 scimitar of flaming
 v - a +0 blowgun
 y - a cursed +0 flail
 O - a +1 war axe of chopping
 P - a cursed -2 quarterstaff
 U - a +0 fustibalus
 V - a +2 glaive of venom
 X - a +1 short sword of venom
Missiles
 e - 111 sling bullets
 G - 14 javelins (quivered)
Armour
 g - a +0 chain mail of magic resistance
 h - +0 acid dragon scales
 j - a +0 pair of gloves (worn)
 n - the +13 chain mail of Esoreut (worn) {rElec rF+ Str+3}
   (You found it in a volcano)

   It affects your strength (+3).
   It protects you from fire.
   It insulates you from electricity.
 B - a +1 cloak (worn)
 D - a +1 pair of boots (worn)
 H - a +2 plate armour of poison resistance
 L - a +0 shield (worn)
 S - the +0 helmet of Shielding (worn) {Regen+ Int+2}
   (You found it in a labyrinth)

   It affects your intelligence (+2).
   It increases your rate of regeneration.
 T - +3 fire dragon scales
Jewellery
 f - a ring of stealth (left hand)
 i - an uncursed ring of protection from fire
 k - the amulet of the Robin (around neck) {Regen+ Slay+5, mikee?}
   (You found it on level 13 of the Dungeon)

   [amulet of regeneration]

   It affects your accuracy and damage with ranged weapons and melee attacks
   (+5).
   It increases your rate of regeneration.
 o - an uncursed ring of protection from fire
 C - a +3 ring of strength (right hand)
 N - a +4 amulet of reflection
Wands
 d - a wand of paralysis (19/24)
 r - a wand of polymorph (7/24)
 t - a wand of polymorph (6/24)
 x - a wand of confusion (9/48)
 M - a wand of digging (11/24)
 Q - a wand of paralysis (12/24)
Scrolls
 c - 3 scrolls of recharging
 l - 4 scrolls of amnesia
 p - a scroll of magic mapping
 q - 3 scrolls of identify
 s - 9 scrolls of remove curse
 w - a scroll of enchant weapon
 A - a scroll of brand weapon
 J - a scroll of holy word


   Skills:
 - Level 17.0 Fighting
 - Level 6.0 Armour
 - Level 4.2 Dodging
 - Level 6.1 Shields
 * Level 15.0 Unarmed Combat


You had 4 spell levels left.
You knew the following spells:

 Your Spells              Type           Power        Failure   Level  Hunger
a - Swiftness             Chrm/Air       #.......     100%        2    N/A
b - Repel Missiles        Chrm/Air       #.....       100%        2    N/A
c - Cause Fear            Hex            #.........   100%        4    N/A
d - Blink                 Tloc           N/A          100%        2    N/A

Dungeon Overview and Level Annotations

Branches:
Dungeon (14/15) Temple (0/1) D:4 Lair (6/6) D:9 Shoals (2/4) Lair:4 Snake (2/4) Lair:4 Slime (0/5) Lair:6 Orc (2/2) D:11 Elf (0/3) Orc:2 Vaults (0/5) D:12 D:13

Altars:
Fedhas
Gozag
Nemelex Xobeh
Qazlal
Ru
Xom
Zin
Beogh

Shops:
D:5 }*   D:8 ((   D:11 (

Annotations:
D:3 Purgy
D:4 exclusion: upstairs
D:12 !rupert wandering care, Rupert
D:13 exclusion: oklob plant
Lair:5 exclusion: 3 oklob plants
Snake:1 exclusion: 2 downstairs
Snake:2 !louise, aizul near stairs, care, Aizul, Louise
Orc:2 !donald wandering, care, Donald


Innate Abilities, Weirdness & Mutations

You do not eat or drink.
Your flesh is vulnerable to fire.
You are immune to poison.
Your flesh is cold resistant. (rC+)
You are immune to negative energy. (rN+++)
You are immune to unholy pain and torment.
You can survive without breathing.
You are in touch with the powers of death.


Message History

* * * LOW HITPOINT WARNING * * *
You block the harpy's attack. The harpy claws you but does no damage.
The harpy closely misses you. The harpy claws you but does no damage.
The satyr hits you from afar with an uncursed spear!
* * * LOW HITPOINT WARNING * * *
Unknown command.
You hit the faun.
The faun is lightly wounded.
You block the harpy's attack. The harpy claws you but does no damage.
The faun hits you but does no damage.
The harpy claws you but does no damage. x2
The satyr hits you from afar with an uncursed spear!
* * * LOW HITPOINT WARNING * * *
As you read the scroll of teleportation, it crumbles to dust.
You feel strangely unstable. You block the harpy's attack. x2
The harpy claws you but does no damage. x2
The faun hits you but does no damage.
The satyr hits you from afar with an uncursed spear!
* * * LOW HITPOINT WARNING * * *
Unknown command.
Unknown command.
Unknown command.
The harpy screeches! x2
You block the harpy's attack. The harpy misses you.
The harpy claws you but does no damage. x2
The faun hits you but does no damage.
Unknown command.
Unknown command.
The harpy screeches! x2
The harpy claws you.
* * * LOW HITPOINT WARNING * * *
The harpy claws you but does no damage.
The faun unwields an uncursed spear.
The faun wields a hunting sling.
The faun shoots a sling bullet.
The sling bullet hits you.
* * * LOW HITPOINT WARNING * * *
The sling bullet degenerates into a cloud of primal chaos!
The satyr unwields an uncursed spear.
The satyr wields an uncursed runed fustibalus.
It bursts into flame!
The satyr shoots a sling bullet.
The sling bullet hits you!!
You die...

≈≈≈≈P≈PPPP.≈≈≈≈≈≈≈≈
≈..
≈≈≈≈≈PP≈.....≈≈≈≈≈$.
...
≈≈≈≈≈PPPP.P.##.≈≈≈$..
≈≈≈≈≈≈≈P≈≈..###..(....
≈≈≈≈≈≈≈≈≈≈≈P...(...?..
≈≈≈≈≈≈≈≈≈≈≈≈P.........
≈≈≈≈≈≈≈≈≈PP≈≈≈.....≈..
≈≈≈≈≈≈≈≈≈≈H[.......≈≈.
≈≈≈≈≈≈≈≈≈H@###....≈≈≈.
≈≈≈≈≈≈≈≈≈.## ###..≈≈≈≈
≈≈≈≈≈≈≈..## ..≈≈≈≈
≈≈≈≈≈≈cc#### ...≈..
≈≈≈≈≈≈≈c≈c≈#####...≈≈≈
≈≈≈≈≈≈≈..mc≈......≈≈≈≈
≈≈≈≈≈≈≈≈≈c≈c.....
≈≈≈≈≈≈≈≈.≈≈≈≈≈≈≈.
≈≈≈≈≈≈≈≈≈≈≈≈≈≈≈≈≈


You could see a satyr, 2 fauns and 2 harpies.

Vanquished Creatures
  Nessos (D:12)
  Azrael (Orc:2)
  Snorg (Lair:4)
  A minotaur (Lab)
  A merfolk impaler (Shoals:1)
  Erolcha (Orc:2)
  2 naga warriors (Snake:1)
  Harold (D:11)
  2 anacondas (Snake:1)
  Erica (Lair:2)
  2 centaur warriors
  2 merfolk avatars (Shoals:1)
  3 two-headed ogres
  A shock serpent (Snake:1)
  A naga sharpshooter (Snake:1)
  A sun demon (Volcano)
  A sixfirhy (D:14)
  Nergalle (Lair:2)
  A hell hog (Volcano)
  3 unseen horrors
  A wizard (D:14)
  A swamp dragon (D:13)
  A lindwurm (Lair:6)
  A sea snake (Shoals:1)
  Pikel (D:4)
  2 orc knights
  A naga ritualist (Snake:1)
  4 mana vipers
  3 manticores
  2 salamanders (Snake:1)
  2 orc sorcerers
  4 fauns (Shoals:1)
  An ugly thing (D:12)
  A cyclops (Lair:3)
  4 elephants
  A guardian serpent (Snake:1)
  3 merfolk sirens (Shoals:1)
  9 black mambas
  A centaur zombie (D:13)
  2 water nymphs (Shoals:2)
  A torpor snail (D:13)
  2 gargoyles (Lab)
  4 naga magi (Snake:1)
  10 spiny frogs
  2 centaur skeletons
  An efreet (D:14)
  A tengu conjurer (D:14)
  5 rime drakes
  A yaktaur (Lair:3)
  7 komodo dragons
  2 red devils (Volcano)
  A troll (D:11)
  A polar bear (Lair:6)
  2 raiju (D:14)
  4 hornets (Lair:6)
  6 merfolk
  6 blink frogs (Lair:1)
  13 dream sheep
  Grinder (Sewer)
  A snapping turtle (Shoals:2)
  A minotaur skeleton (Lab)
  8 slime creatures
  8 hippogriffs
  A redback (Lab)
  14 spriggans
  A tarantella (shapeshifter) (D:12)
  26 yaks
  2 wyverns
  A water elemental (Shoals:1)
  4 fire elementals (Orc:2)
  6 fire bats (Volcano)
  The ghost of ONIchinchin the Changer, an amateur DrTm (D:4)
  15 humans
  4 hungry ghosts
  3 basilisks (Lair:1)
  Menkaure (D:7)
  4 vampire mosquitoes
  2 wargs (Orc:1)
  2 acid dragons
  9 nagas
  5 hell hounds
  12 porcupines
  11 water moccasins
  13 orc warriors
  7 black bears
  3 ice beasts
  2 slaves (D:4)
  2 sky beasts (D:11)
  6 ogres
  27 wolves
  3 boggarts
  11 centaurs
  12 crocodiles
  7 big kobolds
  13 bullfrogs
  3 scorpions
  8 wights
  An electric eel (Lair:2)
  3 howler monkeys
  6 lava snakes (Volcano)
  3 crimson imps
  4 bullfrog zombies
  2 quasits
  A bullfrog skeleton (D:10)
  9 orc priests
  4 hounds
  5 jellies
  3 iguanas
  Natasha (twice) (D:3 D:4)
  16 orc wizards
  5 worker ants
  A killer bee zombie (D:6)
  3 big kobold zombies (Sewer)
  A hound zombie (D:8)
  A hound skeleton (D:11)
  4 gnolls (D:11)
  2 worker ant zombies
  14 adders
  A river rat (shapeshifter) (D:2)
  4 ufetubi (Sewer)
  8 oozes
  2 adder skeletons (D:5)
  7 worms
  A dart slug (D:1)
  11 leopard geckos
  51 orcs
  A bat zombie (Sewer)
  5 giant cockroaches
  5 goblins
  11 hobgoblins
  4 jackals
  29 kobolds
  5 quokkas
  2 ball pythons (D:2)
  19 bats
  8 frilled lizards
  A goblin (shapeshifter) (D:3)
  A jackal zombie (D:7)
  A kobold zombie (Sewer)
  A quokka skeleton (D:8)
  8 rats
  2 fire vortices (D:13)
  2 fungi (Lair:6)
  2 plants
684 creatures vanquished.

Vanquished Creatures (collateral kills)
  A two-headed ogre (D:14)
  2 elephants (Lair:4)
  A torpor snail (Lair:6)
  A slime creature (Lair:6)
  2 humans (D:12)
  2 slaves (D:4)
  2 orc warriors (D:11)
  2 ogres
  2 big kobolds (D:11)
  A crimson imp (D:8)
  A hound (D:4)
  A jelly (Lair:6)
  2 orc wizards (D:7)
  Natasha (D:4)
  A worker ant (D:11)
  An orc (D:11)
  A ball python skeleton (D:4)
24 creatures vanquished.

Vanquished Creatures (others)
  2 dancing weapons
  A cyclops (Orc:2)
  A black mamba (Snake:1)
  A hippogriff (Lair:4)
  A vampire mosquito (D:14)
  A wolf (Lair:6)
  A centaur (Lair:2)
  An ooze (Sewer)
  2 kobolds
  A fire vortex (D:9)
  5 fungi
  4 plants
21 creatures vanquished.

Grand Total: 729 creatures vanquished

Notes
Turn   | Place    | Note
-------+----------+-------------------------------------------
     0 | D:1      | Implojin the Mummy Chaos Knight began the quest for the Orb.
     0 | D:1      | Reached XP level 1. HP: 18/18 MP: 1/1
   248 | D:1      | Reached XP level 2. HP: 19/24 MP: 2/2
   281 | D:1      | XOM: divination: detect items
   341 | D:1      | Reached skill level 3 in Unarmed Combat
   734 | D:1      | XOM: scenery: create altars
   789 | D:1      | XOM: divination: detect creatures
   896 | D:1      | XOM: harmless Necr miscast
  1008 | D:2      | Reached XP level 3. HP: 24/29 MP: 3/3
  1244 | D:2      | XOM: polymorph frilled lizard -> rat
  1308 | D:2      | XOM: silly message
  1397 | D:2      | XOM: noise
  1406 | D:2      | XOM: medium Conj miscast
  1413 | D:2      | Reached skill level 4 in Unarmed Combat
  1442 | D:2      | XOM: medium Chrm miscast
  1498 | D:2      | something gained the power of zot.
  1646 | D:2      | Reached XP level 4. HP: 34/35 MP: 4/4
  1768 | D:2      | Found an opulent altar of Gozag.
  1772 | D:2      | XOM: harmless Conj miscast
  1775 | D:2      | Found a sacrificial altar of Ru.
  1779 | D:2      | XOM: silly message
  2035 | D:2      | XOM: 2-stop teleportation journey
  2230 | D:2      | XOM is BORED!
  2230 | D:2      | XOM: noise
  2898 | D:2      | XOM: butterfly on damage
  2919 | D:1      | XOM: fake destruction
  3137 | D:2      | XOM is BORED!
  3137 | D:2      | XOM: chaos upgrade
  3297 | D:2      | XOM: cloud trail
  3389 | D:2      | XOM: 2-stop teleportation journey
  3415 | D:2      | Reached XP level 5. HP: 37/41 MP: 5/5
  3573 | D:3      | XOM: smoke on damage
  3642 | D:3      | Noticed Natasha
  3649 | D:3      | Killed Natasha
  3649 | D:3      | Reached skill level 5 in Unarmed Combat
  3663 | D:3      | Noticed Natasha
  3713 | D:3      | XOM: scenery: create altars
  3726 | D:4      | Killed Natasha
  3914 | D:3      | XOM: polymorph adder -> leopard gecko
  4144 | D:2      | Found a stormy altar of Qazlal.
  4275 | D:3      | XOM: polymorph orc -> rat
  4445 | D:3      | Noticed Purgy
  4624 | D:4      | Noticed ONIchinchin's ghost (amateur DrTm)
  4628 | D:4      | XOM: confuse monster(s)
  4637 | D:4      | XOM: cleaving
  4656 | D:4      | Killed ONIchinchin's ghost
  4656 | D:4      | Reached skill level 6 in Unarmed Combat
  4656 | D:4      | Reached XP level 6. HP: 47/47 MP: 6/6
  4727 | D:4      | Noticed a slave
  4727 | D:4      | Noticed a slave
  4730 | D:4      | XOM: summons 6 friendly demons
  4742 | D:4      | Killed a slave
  4745 | D:4      | Killed a slave
  4750 | D:4      | Noticed a slave
  4750 | D:4      | Noticed a slave
  4751 | D:4      | Noticed Pikel
  4751 | D:4      | XOM: enchant monster (good)
  4780 | D:4      | Killed Pikel
  4780 | D:4      | Reached skill level 7 in Unarmed Combat
  4780 | D:4      | Reached XP level 7. HP: 34/52 MP: 7/7
  5015 | D:4      | Noticed Natasha
  5018 | D:4      | Killed Natasha
  5039 | D:4      | Found a staircase to the Ecumenical Temple.
  5360 | D:4      | XOM: god gift: 26 stones
  5509 | D:4      | XOM: enchant monster (good)
  5562 | D:4      | XOM: butterfly on damage
  5563 | D:4      | Reached skill level 8 in Unarmed Combat
  5771 | D:4      | XOM: god gift: great sword {god gift}
  6009 | D:5      | Entered Level 5 of the Dungeon
  6025 | D:5      | Reached XP level 8. HP: 43/58 MP: 8/8
  6109 | D:5      | Found a glowing drain.
  6147 | Sewer    | Entered a sewer
  6534 | Sewer    | Reached skill level 4 in Fighting
  6571 | Sewer    | Found a burning altar of Makhleb.
  6583 | Sewer    | a bezotted bat gained the power of zot.
  6854 | Sewer    | Noticed Grinder
  6879 | Sewer    | Killed Grinder
  6879 | Sewer    | Reached skill level 5 in Fighting
  6918 | Sewer    | XOM: medium Hex miscast
  6932 | Sewer    | XOM: cleaving
  6959 | Sewer    | Reached skill level 6 in Fighting
  6998 | Sewer    | XOM: stat loss: -1 Int (11/12)
  7127 | D:5      | Noticed a two-headed ogre
  7134 | D:5      | XOM: divination: magic mapping
  7179 | D:5      | Found Dapt's Assorted Antiques.
  7186 | D:5      | Bought a scroll of identify for 54 gold pieces
  7186 | D:5      | Bought a scroll of identify for 54 gold pieces
  7207 | D:5      | XOM: 1-stop teleportation journey
  7376 | D:5      | XOM: enchant monster (bad)
  7380 | D:5      | XOM: enchant monster (bad)
  7568 | D:5      | a bezotted orc gained the power of zot.
  7595 | D:4      | XOM: mild Erth miscast
  7707 | D:4      | Reached skill level 7 in Fighting
  7886 | D:4      | XOM: stat loss: -1 Str (14/15)
  8011 | D:5      | Found Puhot's Gadget Boutique.
  8052 | D:5      | XOM: swap monsters
  8059 | D:5      | XOM: cleaving
  8070 | D:5      | Killed a two-headed ogre
  8070 | D:5      | Reached skill level 9 in Fighting
  8070 | D:5      | Reached XP level 9. HP: 76/76 MP: 9/9
  8263 | D:5      | Found a sparkling altar of Nemelex Xobeh.
  8299 | D:5      | XOM: harmless Conj miscast
  8332 | D:5      | XOM: mild Necr miscast
  8678 | D:6      | XOM: silly message
  8689 | D:6      | XOM: scenery: create altars
  8973 | D:6      | XOM: god gift: cabochon ring {god gift}
  9159 | D:7      | Reached skill level 9 in Unarmed Combat
  9309 | D:7      | Noticed Menkaure
  9313 | D:7      | XOM: polymorph quokka -> bat
  9314 | D:7      | Killed Menkaure
  9323 | D:7      | XOM: destruction
  9362 | D:7      | You fall through a shaft!
  9464 | D:7      | XOM: cast spell 'Chain of Chaos'
  9465 | D:7      | XOM: summons 3 friendly demons
 10064 | D:8      | XOM: summons 8 friendly demons
 10065 | D:8      | Reached skill level 10 in Unarmed Combat
 10077 | D:8      | XOM: cloud trail
 10110 | D:8      | Found Xiwyc's Antique Weapon Boutique.
 10286 | D:8      | XOM: fog
 10297 | D:8      | Reached XP level 10. HP: 79/83 MP: 10/10
 10315 | D:8      | Found Qamuhowk's Antique Weapon Emporium.
 10315 | D:8      | XOM: 1-stop teleportation journey
 10479 | D:8      | something gained the power of zot.
 10536 | D:8      | XOM: severe Tmut miscast
 11056 | D:9      | XOM: enchant monster (bad)
 11226 | D:9      | Found a staircase to the Lair.
 11238 | D:9      | XOM: mild Fire miscast
 11368 | D:9      | Learned a level 2 spell: Swiftness
 11371 | D:9      | Learned a level 2 spell: Repel Missiles
 11568 | D:10     | Entered Level 10 of the Dungeon
 11720 | D:10     | Killed an unseen horror
 11720 | D:10     | Reached skill level 11 in Unarmed Combat
 11761 | D:10     | XOM: scenery: 1 doors open, 1 doors close
 11770 | D:10     | XOM: scenery: 1 doors open, 1 doors close
 11921 | D:10     | XOM: fake destruction
 12056 | D:10     | Noticed a two-headed ogre
 12299 | D:10     | Killed a two-headed ogre
 12299 | D:10     | Reached skill level 10 in Fighting
 12537 | D:10     | XOM: silly message
 12562 | D:10     | XOM: divination: detect creatures
 12563 | D:10     | XOM: harmless Tmut miscast
 12814 | D:10     | XOM: mild Chrm miscast
 12878 | Lair:1   | Entered Level 1 of the Lair of Beasts
 12889 | Lair:1   | Noticed a seven-headed hydra
 12891 | Lair:1   | Noticed a spiny frog
 13007 | Lair:1   | Reached skill level 11 in Fighting
 13116 | Lair:1   | XOM: confusion (+ monsters)
 13139 | Lair:1   | Reached skill level 1 in Shields
 13167 | Lair:1   | XOM: harmless Necr miscast
 13309 | Lair:1   | XOM: smoke on damage
 13349 | Lair:1   | something gained the power of zot.
 13379 | Lair:1   | XOM: summons 7 friendly demons
 13382 | Lair:1   | Noticed a spiny frog
 13483 | Lair:1   | XOM: 2-stop teleportation journey
 13494 | D:9      | XOM: harmless Conj miscast
 13719 | Lair:1   | Reached skill level 2 in Shields
 13719 | Lair:1   | Reached XP level 11. HP: 76/93 MP: 11/11
 13778 | Lair:1   | Reached skill level 3 in Shields
 13830 | Lair:1   | XOM is BORED!
 13830 | Lair:1   | XOM: mild Hex miscast
 14257 | Lair:1   | Reached skill level 4 in Shields
 14291 | Lair:1   | XOM: cast spell 'Cause Fear'
 14318 | Lair:1   | XOM: summons 2 friendly demons
 14349 | Lair:1   | XOM: potion effect (curing)
 14362 | Lair:1   | XOM: enchant monster (good)
 14368 | Lair:1   | XOM: polymorph blink frog -> basilisk
 14380 | Lair:1   | Reached skill level 5 in Shields
 14385 | Lair:1   | XOM: summons 2 friendly demons
 14409 | Lair:1   | XOM: confuse monster(s)
 14494 | Lair:1   | XOM: scenery: create altars
 14733 | Lair:1   | XOM: scenery: create altars
 14799 | Lair:2   | XOM is BORED!
 14799 | Lair:2   | XOM: medium Conj miscast
 14932 | Lair:2   | XOM: 3-stop teleportation journey
 14996 | Lair:2   | XOM: enchant monster (good)
 15015 | Lair:2   | XOM: god gift: chain mail {god gift}
 15081 | Lair:2   | Found a glowing silver altar of Zin.
 15337 | Lair:2   | something gained the power of zot.
 15350 | Lair:2   | XOM: confuse monster(s)
 15490 | Lair:2   | Reached skill level 6 in Shields
 15563 | Lair:2   | XOM: harmless Summ miscast
 15668 | Lair:2   | Got an ichor-stained dagger
 15728 | Lair:2   | Noticed Nergalle
 15739 | Lair:2   | Killed Nergalle
 16135 | Lair:2   | Reached skill level 12 in Fighting
 16170 | Lair:2   | XOM: swap monsters
 16341 | Lair:2   | XOM: summons 5 hostile demons
 16393 | Lair:2   | XOM: harmless Conj miscast
 16437 | Lair:2   | XOM: mild Ice miscast
 16568 | Lair:2   | XOM: noise
 16903 | Lair:2   | XOM: medium Tmut miscast
 16935 | Lair:2   | XOM: blink monster(s)
 16938 | Lair:2   | XOM: snakes to sticks
 17342 | Lair:3   | XOM: summons 5 hostile demons
 17343 | Lair:3   | Noticed a soul eater
 17411 | Lair:3   | XOM: cloud trail
 17431 | Lair:3   | XOM: god gift: 16 gold pieces
 17825 | Lair:3   | XOM: cast spell 'Summon Small Mammal'
 17830 | Lair:3   | XOM: divination: magic mapping
 17922 | Lair:3   | XOM: polymorph elephant -> yaktaur
 17936 | Lair:3   | XOM: confuse monster(s)
 17953 | Lair:3   | XOM: confusion (+ monsters)
 17985 | Lair:3   | something gained the power of zot.
 17988 | Lair:3   | XOM: cleaving
 17990 | Lair:3   | XOM: 2-stop teleportation journey
 18105 | Lair:3   | Reached skill level 13 in Fighting
 18105 | Lair:3   | Reached XP level 12. HP: 71/105 MP: 12/12
 18248 | Lair:3   | XOM: polymorph spiny frog -> cyclops
 18251 | Lair:3   | XOM: mild Conj miscast
 18279 | Lair:3   | XOM: confusion (+ monsters)
 18513 | Lair:3   | XOM: divination: detect items
 18521 | Lair:3   | XOM: cast spell 'Summon Butterflies'
 19277 | Lair:3   | XOM: summons friendly ufetubus
 19311 | Lair:3   | XOM: summons friendly sun demon
 19411 | Lair:3   | XOM: god gift: leather armour {god gift}
 19605 | Lair:4   | XOM: destruction
 19617 | Lair:4   | XOM: summons friendly rust devil
 19629 | Lair:4   | Reached skill level 14 in Fighting
 19740 | Lair:4   | Noticed Snorg
 19752 | Lair:4   | Killed Snorg
 20008 | Lair:4   | XOM: divination: magic mapping
 20115 | Lair:4   | XOM: scenery: create altars
 20116 | Lair:3   | XOM: destruction
 20174 | Lair:4   | Identified Xom's Catalogue of Gravity (Xom gifted it to you on level 4 of the Lair of Beasts)
 20174 | Lair:4   | XOM: god gift: Xom's Catalogue of Gravity
 20343 | Lair:4   | Found a staircase to the Shoals.
 20377 | Lair:4   | Found a staircase to the Snake Pit.
 20496 | Lair:4   | XOM: cloud trail
 20579 | Lair:4   | XOM: scenery: create altars
 20749 | Lair:5   | Found a labyrinth entrance.
 20800 | Lab      | Entered a labyrinth
 20973 | Lab      | Found an exit through the horrors of the Abyss.
 21149 | Lab      | Reached skill level 12 in Unarmed Combat
 21184 | Lab      | XOM: harmless Fire miscast
 21188 | Lab      | XOM: harmless Ice miscast
 21258 | Lab      | Noticed a minotaur
 21275 | Lab      | Killed a minotaur
 21287 | Lab      | Got a spiked helmet
 21464 | Lab      | Identified the +0 helmet of Shielding {Regen+ Int+2} (You found it in a labyrinth)
 21480 | Lair:5   | XOM: confuse monster(s)
 21497 | Lair:5   | XOM: summons 6 hostile demons
 21522 | Lair:5   | asdfg
 21783 | Lair:5   | XOM: polymorph water moccasin -> boggart
 21786 | Lair:5   | Noticed a five-headed hydra
 21790 | Lair:5   | XOM: god gift: leather armour {god gift}
 21792 | Lair:5   | XOM: noise
 22172 | Lair:5   | XOM: enchant monster (good)
 22241 | Lair:6   | Entered Level 6 of the Lair of Beasts
 22283 | Lair:6   | XOM: destruction
 22303 | Lair:6   | Found a staircase to the Slime Pits.
 22303 | Lair:6   | XOM: 1-stop teleportation journey
 22309 | Lair:6   | XOM: summons friendly iron imp
 22443 | Lair:6   | XOM: cast spell 'Summon Hydra'
 22469 | Lair:6   | XOM: god gift: 14 stones
 22643 | Lair:6   | XOM: scenery: create altars
 22655 | Lair:6   | XOM: god gift: scroll of amnesia
 22716 | Lair:6   | XOM: fog
 22727 | Lair:6   | Reached skill level 13 in Unarmed Combat
 22727 | Lair:6   | Gained mutation: You are in touch with the powers of death. [Mummy growth]
 22727 | Lair:6   | Reached XP level 13. HP: 110/113 MP: 13/13
 22954 | Lair:6   | XOM: god gift: 3 needles of confusion
 23019 | Lair:6   | XOM: destruction
 23043 | Lair:6   | XOM: cleaving
 23096 | Lair:6   | a bezotted wolf gained the power of zot.
 23175 | Lair:5   | XOM: god gift: bread ration
 23531 | Lair:6   | XOM: enchant monster (good)
 23538 | Lair:6   | XOM: divination: detect creatures
 23571 | Lair:6   | XOM: potion effect (invisibility)
 23614 | Lair:6   | XOM: cleaving
 23728 | Lair:6   | Reached skill level 14 in Unarmed Combat
 23734 | Lair:6   | XOM: noise
 23738 | Lair:6   | Reached skill level 2 in Armour
 23827 | Lair:6   | XOM: harmless Pois miscast
 23963 | Lair:6   | XOM: god gift: coppery potion {god gift}
 24000 | Lair:6   | XOM: cloud trail
 24256 | Lair:1   | Noticed Erica
 24269 | Lair:2   | Killed Erica
 24269 | Lair:2   | Reached skill level 3 in Armour
 24283 | Lair:1   | XOM: cleaving
 24287 | Lair:1   | XOM: god gift: 27 gold pieces
 24415 | Lair:1   | XOM: 1-stop teleportation journey
 24469 | Lair:1   | XOM: cloud trail
 24531 | Lair:1   | XOM: cleaving
 24910 | D:11     | Reached skill level 4 in Armour
 24968 | D:11     | Noticed Harold
 24970 | D:11     | XOM: mild Pois miscast
 25016 | D:11     | Found Yhuseplyunu's Antique Weapon Emporium.
 25016 | D:11     | XOM: enchant monster (good)
 25127 | D:11     | XOM: divination: detect creatures
 25136 | D:11     | Killed Harold
 25206 | D:11     | Found a staircase to the Orcish Mines.
 25278 | D:11     | XOM: confuse monster(s)
 25299 | D:11     | Reached skill level 5 in Armour
 25308 | D:11     | XOM: harmless Ice miscast
 25789 | D:12     | Reached skill level 6 in Armour
 25835 | D:12     | Reached skill level 1 in Dodging
 25916 | D:12     | Reached skill level 2 in Dodging
 25998 | D:12     | Noticed Nessos
 25999 | D:12     | XOM: summons 9 friendly demons
 26023 | D:12     | Killed Nessos
 26023 | D:12     | Reached skill level 3 in Dodging
 26078 | D:12     | Noticed Rupert
 26086 | D:12     | XOM: confuse monster(s)
 26143 | Orc:1    | Entered Level 1 of the Orcish Mines
 26152 | Orc:1    | XOM: blink monster(s)
 26255 | Orc:1    | Found a roughly hewn altar of Beogh.
 26257 | Orc:1    | XOM: polymorph troll -> human
 26374 | Orc:1    | XOM: 1-stop teleportation journey
 26430 | Orc:2    | Entered Level 2 of the Orcish Mines
 26430 | Orc:2    | Noticed Erolcha
 26438 | Orc:2    | Killed Erolcha
 26438 | Orc:2    | Reached skill level 4 in Dodging
 26438 | Orc:2    | Reached XP level 14. HP: 87/120 MP: 14/14
 26460 | Orc:2    | Found a dark tunnel.
 26474 | Volcano  | Entered a volcano
 26494 | Volcano  | XOM: enchant monster (bad)
 26522 | Volcano  | a bezotted fire bat gained the power of zot.
 26530 | Volcano  | XOM: destruction
 26541 | Volcano  | XOM: destruction
 26658 | Volcano  | XOM: confusion
 26663 | Volcano  | XOM: polymorph red ugly thing -> hell hog
 26736 | Volcano  | Found a burning altar of Makhleb.
 26811 | Volcano  | XOM: medium Pois miscast
 26913 | Volcano  | Got a slimy chain mail
 26957 | Volcano  | Found a burning altar of Makhleb.
 27032 | Volcano  | XOM: summons 3 hostile demons
 27054 | Volcano  | XOM: fog
 27150 | Orc:2    | Found a staircase to the Elven Halls.
 27250 | Orc:2    | XOM: confuse monster(s)
 27294 | Orc:2    | XOM: harmless Tmut miscast
 27393 | Orc:2    | Noticed Azrael
 27411 | Orc:2    | XOM: smoke on damage
 27424 | Orc:2    | XOM: enchant monster (bad)
 27505 | Orc:2    | XOM: enchant monster (bad)
 27528 | Orc:2    | Killed Azrael
 27588 | Orc:2    | XOM: harmless Fire miscast
 27705 | Orc:2    | Noticed Donald
 27711 | Orc:2    | XOM: butterfly on damage
 27714 | Orc:2    | XOM: harmless Necr miscast
 27966 | Orc:1    | XOM: medium Ice miscast
 28126 | Orc:1    | Identified the +13 chain mail of Esoreut {rElec rF+ Str+3} (You found it in a volcano)
 28298 | D:12     | XOM: enchant monster (bad)
 28302 | D:12     | XOM: 1-stop teleportation journey
 28317 | D:13     | Found a gate to the Vaults.
 28324 | D:12     | XOM: harmless Hex miscast
 28329 | D:12     | XOM: noise
 28347 | D:12     | Reached skill level 15 in Fighting
 28373 | D:12     | XOM: blink monster(s)
 28556 | D:12     | XOM: cast spell 'Call Canine Familiar'
 28682 | D:13     | Got a crude copper amulet
 28683 | D:13     | Identified the amulet of the Robin {Regen+ Slay+5} (You found it on level 13 of the Dungeon)
 29079 | D:13     | XOM: mild Fire miscast
 29166 | D:13     | XOM: polymorph centaur warrior -> swamp dragon
 29286 | D:13     | XOM: polymorph slime creature -> torpor snail
 29294 | D:13     | XOM: cast spell 'Summon Small Mammal'
 29423 | D:13     | Got a crude ring mail
 29424 | D:13     | Identified the cursed +0 ring mail of the Cast Vote {Int+4} (You found it on level 13 of the Dungeon)
 29521 | D:13     | Found a blossoming altar of Fedhas.
 29606 | D:13     | XOM: cloud trail
 29865 | D:14     | Reached skill level 16 in Fighting
 29871 | D:14     | XOM: enchant monster (good)
 29878 | D:14     | XOM: confuse monster(s)
 29882 | D:14     | XOM: enchant monster (good)
 29933 | D:14     | Noticed a storm dragon
 29935 | D:14     | :good
 29967 | D:14     | something gained the power of zot.
 30228 | D:14     | XOM: summons friendly white imp
 30544 | Snake:1  | XOM: stealth player
 30544 | Snake:1  | Entered Level 1 of the Snake Pit
 30547 | Snake:1  | XOM: divine lightning (protected)
 30639 | Lair:4   | XOM: 4-stop teleportation journey
 30663 | Lair:4   | XOM: summons 3 hostile demons
 30664 | Shoals:1 | Entered Level 1 of the Shoals
 30683 | Shoals:1 | :this isnt snake!
 30712 | Lair:4   | Identified the +8 dagger of Integrity {pierce, rF+ Str+4} (You found it on level 2 of the Lair of Beasts)
 30749 | Lair:4   | Learned a level 4 spell: Cause Fear
 30762 | Snake:1  | XOM: chaos upgrade
 30765 | Snake:1  | XOM: summons 13 friendly demons
 30780 | Snake:1  | XOM: polymorph ufetubus -> shadow imp
 30800 | Snake:1  | XOM: divination: detect creatures
 30803 | Snake:1  | XOM: snakes to sticks
 30909 | Snake:1  | XOM: god gift: scroll of noise
 30973 | Snake:1  | XOM: harmless Fire miscast
 30977 | Snake:1  | XOM: 8-stop teleportation journey
 31049 | Snake:1  | XOM: noise
 31142 | Snake:1  | XOM: cast spell 'Olgreb's Toxic Radiance'
 31155 | Snake:1  | Reached skill level 17 in Fighting
 31242 | Snake:1  | XOM: 1-stop teleportation journey
 31581 | Snake:1  | Reached XP level 15. HP: 108/134 MP: 15/15
 31686 | Snake:1  | XOM: cleaving
 31906 | Snake:1  | XOM: cloud trail
 32044 | Snake:2  | Noticed Aizul
 32182 | Snake:2  | Noticed Louise
 32298 | Lair:4   | XOM: cloud trail
 32689 | Shoals:1 | XOM: summons friendly crimson imp
 32699 | Shoals:1 | XOM: harmless Ice miscast
 32718 | Shoals:1 | XOM: stat loss: -1 Str (21/22)
 32772 | Shoals:1 | Learned a level 2 spell: Blink
 32795 | Shoals:1 | XOM: divination: magic mapping
 33000 | Shoals:2 | Found a sparkling altar of Nemelex Xobeh.
 33034 | Shoals:2 | Reached skill level 15 in Unarmed Combat
 33058 | Shoals:2 | XOM: summons 2 hostile shadow creatures
 33074 | Shoals:2 | Shot with a sling bullet by a satyr

Vault maps used:
D:1:      dpeg_arrival_fog, item_on_display_a
D:2:      lemuel_upstairs_altar, amethyst_overflow_temple_binary, st_stairs_3,
          grunt_ministairs_6
D:3:      nicolae_overflow_crystal_walls, uniq_purgy, uniq_natasha
D:4:      uniq_pikel
D:5:      first_bread, serial_shops, shop, kennysheep_little_box,
          portal_sewer_entry_f, minivault_24, nemelex_dance_club_becter
D:7:      the_bakery, roderic_filled_cross, uniq_menkaure
D:8:      serial_shops, nicolae_shop_temple_entry_statues_fountains,
          minmay_shop_grid_forest
D:9:      lair_entry_dummy, kennysheep_potato
D:11:     kennysheep_orc_monster_closet_entryway, serial_shops,
          nicolae_shop_trees, small_chamber_with_monster, uniq_harold
D:12:     uniq_nessos, uniq_rupert, uniq_sonja
D:13:     david_vaults_3, tgw_fedhas
D:14:     minmay_shoctagon, grunt_decor_mini_mirrors
Lair:1:   uniq_erica
Lair:2:   lemuel_centaur_altar, serial_bayou_shore_a, uniq_nergalle
Lair:3:   roderic_batcave
Lair:4:   elwin_shoals_entry_rocks, dummy_snake_entry, lemuel_fruit_tree,
          grunt_megastairs_2, uniq_snorg
Lair:5:   lab_entry_generic, minmay_lair_oklob_chamber
Lair:6:   minmay_lair_end_enchanted_forest, minmay_slime_entry_pillars,
          infiniplex_staircase_pool
Shoals:1: st_sunken_huts
Shoals:2: lemuel_altar_in_water2
Snake:1:  cheibrodos_snake_ritualist_ritual
Snake:2:  minmay_shop_grove, uniq_louise, uniq_aizul
Orc:1:    basic_altar
Orc:2:    grunt_orc_tribal_feast, nicolae_volcano_entry_two_sided, basic_altar,
          uniq_donald, uniq_erolcha, uniq_azrael
Lab:      nicolae_lab_blocks, labyrinth_fake_exit, lab_hedge, lab_statue,
          nicolae_lab_diamond, lab_block, nicolae_lab_checkerboard,
          nicolae_lab_garden
Sewer:    kennysheep_sewer_church
Volcano:  volcano_grotto

Skill      XL: |  1  2  3  4  5  6  7  8  9 10 11 12 13 14 15 |
---------------+----------------------------------------------+-----
Unarmed Combat | 3 4 6 7 8 10 11 13 14 15 | 15.0
Fighting       | 9 11 13 14 17 | 17.0
Shields        | 2 6 |  6.1
Armour         | 6 |  6.0
Dodging        | 4 |  4.2

Action                   |  1- 3 |  4- 6 |  7- 9 | 10-12 | 13-15 || total
-------------------------+-------+-------+-------+-------+-------++-------
Melee: Unarmed           |   186 |   268 |   586 |  1125 |  1641 ||  3806
       Punch             |     2 |    11 |    11 |     1 |       ||    25
       Falchion          |       |       |       |     7 |       ||     7
 Fire: Hunting sling     |       |       |    34 |    24 |    39 ||    97
       Blowgun           |       |       |       |    12 |       ||    12
Throw: Stone             |     1 |     1 |       |     1 |       ||     3
       Throwing net      |       |     2 |       |       |     1 ||     3
       Javelin           |       |       |       |     3 |     2 ||     5
Evoke: Wand              |       |       |       |     8 |    14 ||    22
       Phantom mirror    |       |       |       |     1 |       ||     1
  Use: Scroll            |     2 |     4 |    11 |    25 |    29 ||    71
 Stab: Confused          |       |     1 |       |     3 |     6 ||    10
       Sleeping          |       |     1 |       |       |       ||     1
       Petrified         |       |    17 |       |     6 |       ||    23
       Petrifying        |       |     1 |       |       |       ||     1
       Distracted        |       |       |       |     2 |     1 ||     3
       Invisible         |       |       |       |       |     5 ||     5
Armor: Leather armour    |    61 |    42 |   104 |       |       ||   207
       Chain mail        |       |       |   215 |    10 |   442 ||   667
       Plate armour      |       |       |       |   202 |       ||   202
       Fire dragon scale |       |       |       |   250 |   371 ||   621
Dodge: Dodged            |   112 |    96 |   259 |   188 |   402 ||  1057
Block: Shield            |       |       |       |   624 |  1074 ||  1698
       Reflection        |       |       |       |    12 |    35 ||    47

Table legend:
 A = Turns spent in this place as a percentage of turns spent in the entire game.
 B = Non-inter-level travel turns spent in this place as a percentage of non-inter-level travel turns spent in the entire game.
 C = Inter-level travel turns spent in this place as a percentage of turns spent in this place.
 D = Turns resting spent in this place as a percentage of non-inter-level travel turns spent in this place.
 E = Turns spent auto-exploring this place as a percentage of non-inter-level travel turns spent in this place.
 F = Non-inter-level travel turns spent in this place divided by the number of levels of this place that you've seen.
                   A       B       C       D       E      F
               +-------+-------+-------+-------+-------+----------------------
         Total | 100.0 | 100.0 |   0.3 |   3.7 |   4.3 | 427.5
       Dungeon |  43.8 |  43.8 |   0.5 |   3.4 |   6.0 | 387.6
          Lair |  30.5 |  30.5 |   0.3 |   5.1 |   3.9 | 629.5
        Shoals |   4.9 |   5.0 |   0.0 |   2.0 |   0.5 | 307.5
     Snake Pit |   4.6 |   4.6 |   0.5 |   2.3 |   6.2 | 282.5
  Orcish Mines |   5.7 |   5.7 |   0.1 |   2.4 |   2.8 | 351.5
     Labyrinth |   2.9 |   2.9 |   0.0 |   3.1 |   0.0 | 355.0
         Sewer |   4.4 |   4.4 |   0.0 |   2.9 |   0.5 | 551.0
       Volcano |   3.3 |   3.3 |   0.0 |   3.7 |   0.5 | 405.0
               +-------+-------+-------+-------+-------+----------------------

Table legend:
 A = Kills in this place as a percentage of kills in entire the game.
 B = Kills by you in this place as a percentage of kills by you in the entire game.
 C = Kills by friends in this place as a percentage of kills by friends in the entire game.
 D = Other kills in this place as a percentage of other kills in the entire game.
 E = Experience gained in this place as a percentage of experience gained in the entire game.
 F = Experience gained in this place divided by the number of levels of this place that you have seen.
                   A       B       C       D       E      F
               +-------+-------+-------+-------+-------+----------------------
         Total | 100.0 | 100.0 | 100.0 | 100.0 | 100.0 | 4102.2
       Dungeon |  49.8 |  49.0 |  77.3 |  42.9 |  30.2 | 2568.1
          Lair |  27.5 |  27.6 |  22.7 |  28.6 |  34.6 | 6863.2
        Shoals |   3.1 |   3.3 |   0.0 |   0.0 |   9.0 | 5349.5
     Snake Pit |   5.0 |   5.0 |   0.0 |  14.3 |  13.6 | 8078.5
  Orcish Mines |   6.4 |   6.5 |   0.0 |  14.3 |   6.0 | 3574.5
     Labyrinth |   0.9 |   0.9 |   0.0 |   0.0 |   2.2 | 2606.0
         Sewer |   4.7 |   4.9 |   0.0 |   0.0 |   0.5 | 621.0
       Volcano |   2.7 |   2.8 |   0.0 |   0.0 |   3.9 | 4599.0
               +-------+-------+-------+-------+-------+----------------------
